Map: Prion Terraces

Players

DakkoN

  • Race: Zerg Zerg
  • League: Master

MorN - Winner!

  • Race: Terran Terran
  • League: Master

VOD

Have the link to the VOD?

Description

Time

  • Played on: Dec. 10, 2015, 1:06 p.m.
  • Length: 13:55
Show
View Real Time Build Order
Export as new Build Order

DakkoN Zerg 

Build Orders: Hatch First 

Get SALT Encoding   

  12  0:01  Drone  
  13  0:08  Drone  
  14  0:17  Overlord  
  14  0:35  Drone x3  
  17  0:57  Hatchery, Drone  
  17  0:58  Drone  
  18  1:13  Spawning Pool  
  18  1:15  Drone  
  18  1:19  Drone  
  18  1:22  Extractor  
  18  1:32  Drone  
  19  1:40  Drone  
  20  1:51  Overlord  
  20  2:00  Queen  
  21  2:01  Zergling x2  
  22  2:09  Queen  
  22  2:10  Drone  
  22  2:13  Drone  
  26  2:23  Metabolic Boost  
  26  2:30  Drone x2  
  26  2:34  Extractor  
  27  2:42  Spore Crawler  
  26  2:45  Queen  
  29  2:58  Drone  
  29  2:59  Drone x5  
  29  3:01  Spore Crawler  
  35  3:17  Drone  
  35  3:19  Hatchery, Overlord x2  
  35  3:38  Drone  
  35  3:39  Drone x6  
  35  3:40  Lair  
  42  3:46  Extractor x2  
  42  3:47  Extractor  
  39  3:50  Drone  
  40  4:12  Drone x4  
  40  4:13  Roach Warren  
  42  4:23  Drone  
  42  4:24  Drone x4  
  47  4:38  Overseer, Queen  
  47  4:40  Drone  
  47  4:42  Spire  
  49  4:49  Drone  
  49  4:50  Drone x8  
  58  4:56  Glial Reconstitution  
  58  5:07  Spore Crawler  
  56  5:21  Overlord x5  
  57  5:40  Drone  
  57  5:41  Drone, Overlord  
  57  5:42  Overlord  
  59  5:45  Extractor  
  58  5:50  Overlord  
  58  5:51  Overlord x2  
  58  5:55  Mutalisk  
  58  5:56  Mutalisk x7  
  74  6:01  Drone, Extractor  
  74  6:02  Drone x3  
  76  6:28  Hatchery  
  76  6:29  Roach  
  76  6:30  Roach x12  
  93  7:06  Roach x6  
  93  7:07  Roach x4  
  97  7:36  Queen  
  99  7:37  Hatchery  
  99  7:42  Ravager x5  
  104  7:51  Ravager  
  95  8:00  Zerg Flyer Weapons Level 1  
  95  8:06  Zergling x6  
  95  8:07  Zergling x12  
  95  8:11  Queen  
  106  8:23  Roach  
  106  8:24  Evolution Chamber x2  
  106  8:28  Roach x3  
  106  8:32  Roach  
  106  8:33  Roach x5  
  124  8:35  Overlord x2  
  124  8:36  Overlord  
  124  8:50  Queen  
  124  8:52  Drone  
  124  8:53  Drone x6  
  78  9:42  Roach x11  
  78  9:43  Roach x3  
  75  10:03  Zerg Missile Weapons Level 1, Zerg Ground Armor Level 1  
  75  10:06  Ravager x3  
  78  10:07  Ravager x3  
  78  10:13  Roach  
  78  10:14  Roach x2, Zergling x8  
  91  10:27  Ravager x2  
  93  10:29  Drone  
  93  10:30  Drone x3  
  93  10:35  Drone x5  
  98  10:40  Drone x2  
  101  10:55  Drone x3  
  104  11:00  Pneumatized Carapace  
  104  11:01  Drone x2  
  104  11:02  Drone  
  107  11:12  Roach  
  107  11:13  Roach x6  
  118  11:25  Roach  
  118  11:26  Roach x6  
  129  11:47  Hatchery  
  129  11:50  Roach  
  129  11:51  Roach x2  
  128  12:35  Drone x5  
  128  12:36  Drone  
  134  12:37  Drone x2  
  134  12:38  Drone x6  
  134  12:39  Drone  
  134  12:41  Extractor x2  
  141  12:53  Mutalisk  
  141  12:54  Mutalisk  
  141  12:56  Overlord x4  
  145  13:01  Extractor  
  145  13:05  Ravager x3  
  146  13:06  Ravager  
  148  13:14  Mutalisk x6  
Show
View Real Time Build Order
Export as new Build Order

MorN Terran - Winner!

Build Orders: Reaper Expand, MMM Bio 

Get SALT Encoding   

  12  0:01  SCV  
  13  0:13  SCV  
  14  0:17  Supply Depot  
  14  0:25  SCV  
  15  0:39  SCV  
  15  0:41  Barracks  
  16  0:46  Refinery  
  16  0:51  SCV  
  17  1:03  SCV  
  18  1:15  SCV  
  19  1:29  Reaper, Orbital Command  
  20  1:50  Command Center  
  20  2:05  Barracks Reactor  
  20  2:06  SCV  
  20  2:07  Supply Depot  
  21  2:10  Barracks  
  21  2:18  SCV  
  22  2:23  Barracks  
  22  2:30  SCV  
  23  2:44  Marine x2  
  23  2:47  SCV  
  26  2:59  SCV  
  26  3:05  Barracks Tech Lab, Marine x2  
  29  3:06  Orbital Command  
  29  3:11  Marine  
  30  3:14  SCV  
  31  3:25  Refinery  
  31  3:28  Stimpack  
  31  3:30  SCV  
  31  3:31  Marine x3  
  31  3:32  Factory, Marine  
  36  3:35  SCV  
  37  3:45  SCV  
  38  3:49  Marine  
  39  3:56  SCV  
  39  3:57  Marine x2  
  39  3:58  Marine  
  43  4:04  SCV  
  43  4:06  Marine  
  43  4:09  SCV  
  46  4:17  Factory Reactor  
  46  4:18  Starport  
  46  4:20  Supply Depot  
  46  4:23  Barracks Reactor  
  46  4:35  Command Center  
  46  4:38  Supply Depot  
  46  4:40  Supply Depot  
  46  4:41  SCV x2, Marine x2  
  46  4:44  Marauder  
  52  4:54  SCV x2  
  52  4:59  Marine  
  55  5:01  Marine x3  
  55  5:06  SCV x2  
  60  5:16  Marine  
  60  5:17  Marine, Medivac x2  
  60  5:18  SCV x2  
  60  5:20  Refinery  
  68  5:21  Refinery  
  68  5:24  Marine x2  
  70  5:30  Factory Reactor  
  70  5:31  Combat Shields  
  70  5:37  Supply Depot  
  70  5:41  Bunker  
  70  5:42  Supply Depot x2  
  70  5:47  SCV x2, Marauder, Marine  
  75  5:56  Medivac x2, Orbital Command  
  79  5:58  Marine x2  
  79  5:59  SCV x2, Marine  
  84  6:11  SCV x2  
  84  6:12  Marine x2  
  84  6:18  Widow Mine, Marine x2  
  88  6:23  SCV, Marine  
  93  6:30  Marauder, Marine  
  96  6:33  Engineering Bay  
  96  6:34  Engineering Bay  
  96  6:40  Marine x2  
  96  6:41  Marine  
  96  6:45  Barracks x2  
  92  6:54  Marine x2  
  92  7:01  Marine x3  
  87  7:03  Medivac x2  
  88  7:12  Widow Mine, Marine  
  88  7:13  Marauder  
  92  7:16  Missile Turret  
  92  7:17  Terran Infantry Weapons Level 1  
  92  7:19  Terran Infantry Armor Level 1, Marine x3  
  84  7:30  Supply Depot, Marine  
  84  7:33  Orbital Command  
  84  7:34  Marauder  
  87  7:38  Marine  
  87  7:41  Medivac  
  87  7:42  Marine x2, Medivac  
  87  7:44  Barracks Reactor, Barracks Tech Lab  
  87  7:50  Marine  
  87  7:56  Marine, Marauder  
  89  7:59  SCV  
  89  8:00  Marine x2  
  89  8:02  Orbital Command  
  89  8:03  Missile Turret  
  92  8:07  SCV  
  92  8:08  Marine  
  94  8:17  Marauder  
  96  8:20  Supply Depot  
  96  8:21  Supply Depot  
  96  8:26  Supply Depot  
  96  8:29  SCV x3  
  99  8:38  Marauder  
  101  8:41  SCV x2  
  101  8:43  Marine  
  101  8:44  Marauder, Marine x5  
  101  8:45  Supply Depot  
  101  8:46  Supply Depot  
  111  8:56  Armory  
  111  9:00  Marauder  
  111  9:01  Marine x2  
  107  9:04  Marine  
  107  9:05  Marauder  
  98  9:10  Marine x2  
  98  9:16  Barracks  
  95  9:18  Barracks  
  95  9:20  Barracks  
  95  9:21  Marauder  
  95  9:26  Marauder  
  89  9:35  Marine  
  89  9:36  Marine x2  
  72  9:43  SCV x3, Marauder  
  72  9:45  Marine x2  
  71  9:55  SCV x3  
  71  9:56  Marine x4  
  71  9:57  Terran Infantry Armor Level 2, Terran Infantry Weapons Level 2, Marauder  
  80  10:02  Medivac  
  80  10:03  Medivac  
  80  10:04  Barracks Tech Lab  
  80  10:05  Barracks Tech Lab  
  80  10:06  Barracks Reactor  
  84  10:07  SCV x2  
  84  10:08  SCV  
  84  10:10  Marine x2  
  84  10:11  Marauder  
  91  10:14  Widow Mine x2  
  91  10:19  SCV x2  
  91  10:20  SCV  
  92  10:31  SCV  
  92  10:32  Medivac  
  92  10:33  Marauder x2, Marine x3, Medivac  
  92  10:34  Marauder x2, Marine x3  
  111  10:42  SCV x2  
  112  10:50  Command Center, Marine  
  112  10:51  Marine  
  112  10:53  Marine x2  
  112  10:55  Marauder x3  
  121  10:58  Marauder, Marine x2  
  121  11:00  Marine x2  
  121  11:01  SCV  
  121  11:02  SCV  
  121  11:03  Supply Depot  
  129  11:10  Medivac, Terran Vehicle Weapons Level 1  
  131  11:11  Marine  
  131  11:16  Marauder  
  133  11:21  Marine x2  
  133  11:22  Marauder x2, Marine x2  
  133  11:23  Marine  
  133  11:24  Marauder  
  138  11:28  Marine x2  
  138  11:31  Supply Depot  
  140  11:37  Marauder  
  141  11:44  Marauder  
  128  11:53  Marine x2  
  128  11:54  Marauder  
  125  12:02  Marine x5  
  125  12:03  Planetary Fortress, Marauder x2  
  125  12:06  Supply Depot  
  132  12:13  Marauder, Marine x3  
  133  12:16  Supply Depot, Widow Mine x2  
  133  12:17  Medivac  
  133  12:18  Supply Depot  
  133  12:19  Marine  
  133  12:20  Marine  
  141  12:24  Marauder  
  141  12:29  Marine x2  
  147  12:31  Marine x2  
  145  12:42  Refinery  
  145  12:43  Refinery  
  145  12:44  Widow Mine  
  145  12:51  Marine x3  
  147  12:52  Marine, Marauder x4  
  159  13:05  Marine x2  
  161  13:13  Marauder x3  
  161  13:14  Widow Mine x2  
  161  13:17  Marine x2  
  161  13:18  Marauder  
  174  13:20  Marine  
  174  13:32  Marine x3  
Tags
 
Add a new tag
Caveats
  • Supply blocks, unpowered buildings, or Contaminate may cause inaccurate times.
  • Supply counts are checked every 10 seconds.